 Dungeon Crawl Stone Soup version 0.23.0 (webtiles) character file.

Game seed: 2563954362722133027

351 Truthflux the Chopper (level 6, 0/56 HPs)
             Began as a Minotaur Monk on Feb 12, 2019.
             Was a Believer of Wu Jian.
             Slain by Prince Ribbit (15 damage)
             ... on level 4 of the Dungeon.
             The game lasted 00:13:06 (3152 turns).

Truthflux the Chopper (Minotaur Monk)               Turns: 3152, Time: 00:13:08

Health: 0/56       AC:  5    Str: 14    XL:     6   Next: 34%
Magic:  5/5        EV:  8    Int:  7    God:    Wu Jian [**....]
Gold:   185        SH: 13    Dex: 14    Spells: 5/5 levels left

rFire    . . .     SeeInvis .   a - +0 hand axe
rCold    . . .     Gourm    .   d - +2 large shield
rNeg     . . .     Faith    .   h - +0 ring mail (curse)
rPois    .         Spirit   .   (helmet restricted)
rElec    .         Reflect  .   (no cloak)
rCorr    .         Harm     .   (no gloves)
MR       +....                  (no boots)
Stlth    +.........             (no amulet)
HPRegen  0.18/turn              (no ring)
MPRegen  0.09/turn              (no ring)

@: no status effects
A: retaliatory headbutt, horns 2, blurry vision 1, magic resistance 1, weak 1
a: Wall Jump, Renounce Religion


You were on level 4 of the Dungeon.
You worshipped Wu Jian.
Wu Jian was pleased with you.
You were very hungry.

You visited 1 branch of the dungeon, and saw 5 of its levels.

You collected 185 gold pieces.

Inventory:

Hand Weapons
 a - a +0 hand axe (weapon)
 p - a cursed -2 hand axe
Armour
 b - a +0 robe
 d - a +2 large shield (worn)
 h - a cursed +0 ring mail (worn)
Jewellery
 o - an uncursed ring of stealth {unknown}
Wands
 n - a wand of digging (7)
Scrolls
 e - a scroll of fear {unknown}
 f - 3 scrolls of identify
 g - a scroll of blinking
 i - 2 scrolls of fog {unknown}
 j - a scroll of remove curse {unknown}
 k - a scroll of immolation {unknown}
 m - a scroll of amnesia {unknown}
Potions
 l - 2 potions of flight {unknown}
 q - a potion of agility {unknown}
Comestibles
 c - 5 rations


   Skills:
 + Level 5.0 Fighting
 + Level 6.7 Axes
 + Level 1.9 Armour
 + Level 4.3 Dodging
 - Level 1.6 Stealth
 + Level 0.8 Shields


You had 5 spell levels left.
You didn't know any spells.
Your spell library was empty.

Dungeon Overview and Level Annotations

Branches:
Dungeon (5/15)
 Temple: D:4-7

Altars:
Cheibriados
Elyvilon
Gozag
Okawaru
Trog
Uskayaw
Wu Jian

Annotations:
D:4 Blork the orc, Prince Ribbit


Innate Abilities, Weirdness & Mutations

You reflexively headbutt those who attack you in melee.
You have a pair of horns on your head.
Scrolls take you a little longer to read.
You are resistant to hostile enchantments. (MR+)
You are weak. (Str -2)


Message History

You block Prince Ribbit's attack. x2; Prince Ribbit hits you!
Found a pair of gloves.
There is a stone staircase leading up, spattered with blood here.
You miss Prince Ribbit. Your headbutt misses Prince Ribbit.
Prince Ribbit barely misses you.
You closely miss Prince Ribbit. You block Prince Ribbit's attack.
You block Prince Ribbit's attack. You block the adder skeleton's attack.
Prince Ribbit hits you!
* * * LOW HITPOINT WARNING * * *
You climb upwards.
Level annotation: Blork the orc
There is a stone staircase leading down here.
Unknown command.
Prince Ribbit blinks!
Prince Ribbit blinks!
You lunge at Prince Ribbit.
You closely miss Prince Ribbit. You block Prince Ribbit's attack.
You miss Prince Ribbit. Your headbutt misses Prince Ribbit.
Prince Ribbit barely misses you. Prince Ribbit hits you!
You die...

#.###########.# #.....# #.#
#####.# #.# ########## #.#
#####.# #........# ###.#
#...#.#####.######.# #...#
#.#>................ #.###
#.#.#.#####.######..
######'#+###.#.#.#####.########
##..........#.#@...........##...
#...........#.#F#.....#.####....
#...........+.#.##......# #....<
#...........#.#.#.......###.⌠...
##..........#.#.#...............
#..........+.#.#......####...⌠.
#..........###.#.......# #.....
#..........# #.#.......# #.⌠...
#..........###.#.......# #....<


You could see Prince Ribbit.

Vanquished Creatures
  A scorpion (D:4)
  An orc wizard (D:2)
  2 orc priests (D:2)
  2 iguanas
  3 gnolls (D:4)
  6 adders
  An ooze (D:1)
  2 worms (D:4)
  4 dart slugs
  2 leopard geckos
  4 orcs
  6 bats
  A giant cockroach (D:1)
  4 goblins
  6 hobgoblins
  3 jackals (D:2)
  5 kobolds
  3 quokkas
  A ball python (D:1)
  4 frilled lizards
  A jackal skeleton (D:4)
  8 rats
70 creatures vanquished.

Notes
Turn   | Place    | Note
-------+----------+-------------------------------------------
     0 | D:1      | Truthflux the Minotaur Monk began the quest for the Orb.
     0 | D:1      | Reached XP level 1. HP: 19/19 MP: 0/0
   158 | D:1      | Reached skill level 4 in Axes
   161 | D:1      | Reached XP level 2. HP: 21/27 MP: 1/1
   584 | D:1      | Reached XP level 3. HP: 33/33 MP: 2/2
  1012 | D:2      | Found an ornate altar of the Wu Jian Council.
  1042 | D:2      | Became a worshipper of the Wu Jian Council
  1042 | D:2      | Reached * piety under Wu Jian
  1042 | D:2      | Reached ** piety under Wu Jian
  1158 | D:2      | Reached skill level 5 in Axes
  1158 | D:2      | Reached XP level 4. HP: 18/41 MP: 3/3
  1163 | D:2      | Gained mutation: Scrolls take you a little longer to read.
                  | [potion of mutation]
  1163 | D:2      | Gained mutation: You are weak. (Str -2) [potion of
                  | mutation]
  1163 | D:2      | Gained mutation: You are resistant to hostile enchantments.
                  | (MR+) [potion of mutation]
  1171 | D:2      | Reached skill level 1 in Armour
  1171 | D:2      | Reached XP level 5. HP: 15/47 MP: 4/4
  1830 | D:3      | Reached skill level 6 in Axes
  2091 | D:3      | Found an iron altar of Okawaru.
  2118 | D:3      | Found a white marble altar of Elyvilon.
  2193 | D:4      | Reached XP level 6. HP: 41/55 MP: 5/5
  2316 | D:4      | Reached skill level 5 in Fighting
  2379 | D:4      | Noticed Blork the orc
  2453 | D:4      | Found a bloodstained altar of Trog.
  2525 | D:4      | Found an opulent altar of Gozag.
  2691 | D:4      | Found a hide-covered altar of Uskayaw.
  2693 | D:4      | Noticed a +0 hand axe
  2694 | D:4      | Noticed a +0 hand axe
  2863 | D:4      | Found a snail-covered altar of Cheibriados.
  3090 | D:5      | Entered Level 5 of the Dungeon
  3090 | D:5      | Noticed Prince Ribbit
  3152 | D:4      | Slain by Prince Ribbit

Skill      XL: |  1  2  3  4  5  6 |
---------------+-------------------+-----
Axes           | 4 5 6 |  6.7
Fighting       | 4 5 |  5.0
Dodging        | 4 |  4.3
Armour         | 1 |  1.9
Stealth        | |  1.6
Shields        | |  0.8

Action                   |  1- 3 |  4- 6 || total
-------------------------+-------+-------++-------
Melee: Hand axe          |    83 |   128 ||   211
       Headbutt          |     8 |    18 ||    26
Invok: Lunge             |     2 |    13 ||    15
       Whirlwind         |     2 |     9 ||    11
 Abil: Wall Jump         |       |     1 ||     1
  Use: Potion            |       |     2 ||     2
       Scroll            |       |     2 ||     2
 Stab: Sleeping          |     4 |       ||     4
  Eat: Chunk             |     1 |     5 ||     6
Armor: Robe              |     2 |       ||     2
       Ring mail         |     6 |    28 ||    34
Dodge: Dodged            |    63 |    56 ||   119
Block: Large shield      |       |    49 ||    49
